Map: Ultralove

Players

dampen

  • Race: Zerg Zerg
  • League: Diamond
  • Spawn Location: 7:00

SubN - Winner!

  • Race: Zerg Zerg
  • League: Master
  • Spawn Location: 1:00

VOD

Have the link to the VOD?

Description

Time

  • Played on: July 13, 2025, 5:39 p.m.
  • Length: 3:25
Show
View Real Time Build Order
Export as new Build Order

dampen Zerg 

Build Orders: Hatch First 

Get SALT Encoding   

  12  0:00  Drone  
  13  0:12  Overlord  
  13  0:17  Drone  
  14  0:30  Drone x2  
  16  0:47  Hatchery  
  15  0:51  Drone  
  15  0:53  Drone  
  17  1:08  Spawning Pool  
  17  1:10  Drone  
  17  1:14  Drone  
  18  1:19  Drone  
  19  1:28  Overlord  
  19  1:39  Drone  
  20  1:55  Zergling x2  
  20  1:57  Queen  
  20  1:59  Zergling x2  
  20  2:00  Queen  
  26  2:03  Drone  
  27  2:10  Drone  
  28  2:27  Drone x3  
  31  2:39  Queen  
  31  2:41  Overlord  
  33  2:46  Hatchery  
  33  2:51  Evolution Chamber  
  31  2:52  Evolution Chamber  
  31  2:55  Evolution Chamber  
  28  3:08  Evolution Chamber  
  28  3:11  Spine Crawler  
  26  3:13  Spine Crawler  
  26  3:16  Evolution Chamber  
Show
View Real Time Build Order
Export as new Build Order

SubN Zerg - Winner!

Build Orders: Pool First 

Get SALT Encoding   

  12  0:00  Drone  
  13  0:08  Drone  
  14  0:14  Extractor  
  13  0:30  Spawning Pool  
  12  0:53  Hatchery  
  11  1:17  Queen  
  13  1:27  Metabolic Boost  
  13  1:34  Overlord  
  13  1:40  Zergling x2  
  14  1:52  Zergling x4  
  16  1:59  Zergling x2  
  17  2:09  Queen  
  20  2:15  Zergling x2  
  20  2:24  Zergling x4  
  20  2:27  Zergling x2  
  23  2:36  Zergling x2  
  24  2:37  Zergling x2  
  25  2:49  Zergling x4  
Tags
 
Matchup
ZvZ
Race
Zerg
Replay Pack
Multiplayer
Spawn Locations
Cross Positions
Add a new tag
Caveats
  • Supply blocks, unpowered buildings, or Contaminate may cause inaccurate times.
  • Supply counts are checked every 10 seconds.